% Time on Ice - RENO LIONS
Lines # - Real PCT - Wanted PCT - Time Play
Normal Forward
1 - 34% - 36% - 15:38
2 - 31% - 31% - 14:11
3 - 25% - 23% - 11:34
4 - 9% - 10% - 3:59
Normal Defense
1 - 38% - 36% - 17:25
2 - 32% - 31% - 14:22
3 - 26% - 23% - 11:54
4 - 4% - 10% - 1:41
PP Forward
1 - 47% - 55% - 4:07
2 - 53% - 45% - 4:34
PP Defense
1 - 52% - 55% - 4:32
2 - 48% - 45% - 4:09
PK Forward
1 - 61% - 55% - 2:25
2 - 39% - 45% - 1:33
PK Defense
1 - 63% - 55% - 2:31
2 - 37% - 45% - 1:27
PK3 Forward
1 - 0% - 55%
2 - 0% - 45%
PK3 Defense
1 - 0% - 55%
2 - 0% - 45%
44 Forward
1 - 59% - 55% - 1:10
2 - 41% - 45% - 0:49
44 Defense
1 - 41% - 55% - 0:49
2 - 59% - 45% - 1:10
Last Minute Offensive  - 0:00
Last Minute Defensive  - 0:00
Total
Forward - 60:00
Defense - 60:00
% Time on Ice - NORTH DAKOTA HAWKS
Lines # - Real PCT - Wanted PCT - Time Play
Normal Forward
1 - 30% - 28% - 13:37
2 - 28% - 28% - 12:33
3 - 23% - 24% - 10:16
4 - 20% - 20% - 8:56
Normal Defense
1 - 35% - 35% - 16:06
2 - 33% - 35% - 14:51
3 - 19% - 18% - 8:27
4 - 13% - 12% - 5:58
PP Forward
1 - 51% - 50% - 2:02
2 - 49% - 50% - 1:56
PP Defense
1 - 51% - 50% - 2:02
2 - 49% - 50% - 1:56
PK Forward
1 - 51% - 50% - 4:25
2 - 49% - 50% - 4:16
PK Defense
1 - 54% - 50% - 4:43
2 - 46% - 50% - 3:58
PK3 Forward
1 - 0% - 50%
2 - 0% - 50%
PK3 Defense
1 - 0% - 50%
2 - 0% - 50%
44 Forward
1 - 44% - 50% - 0:52
2 - 56% - 50% - 1:07
44 Defense
1 - 53% - 50% - 1:03
2 - 47% - 50% - 0:56
Last Minute Offensive  - 0:00
Last Minute Defensive  - 0:00
Total
Forward - 60:00
Defense - 60:00
Play-by-Play 1st period 0:01 of 1st period - Elias Pettersson wins face-off versus Luke Kunin in neutral zone. 0:57 of 1st period - Off-side. 0:58 of 1st period - Jack Hughes wins face-off versus William Karlsson in neutral zone. 1:28 of 1st period - Shot by Anders Lee. 1:28 of 1st period - Stopped by Henrik Lundqvist without a rebound. 1:29 of 1st period - Leo Komarov wins face-off versus Brandon Sutter in NORTH DAKOTA HAWKS zone. 1:29 of 1st period - Leo Komarov is hit by Connor Clifton. 1:53 of 1st period - Off-side. 1:54 of 1st period - Ryan Carpenter wins face-off versus Tomas Nosek in neutral zone. 3:26 of 1st period - Shot by William Karlsson. 3:26 of 1st period - Shot Misses the Net. 3:35 of 1st period - Minor Penalty to Oliver Ekman-Larsson for Tripping. 3:36 of 1st period - Blake Coleman wins face-off versus Nick Suzuki in RENO LIONS zone. 4:00 of 1st period - Shot by Dougie Hamilton. 4:00 of 1st period - Shot Blocked by Leo Komarov. 4:40 of 1st period - Shot by Quinton Hughes. 4:40 of 1st period - Shot Misses the Net. 4:47 of 1st period - Shot by Zack Kassian. 4:47 of 1st period - Stopped by Thomas Greiss with a rebound. 5:36 of 1st period - Anders Lee is hit by Johnny Boychuk and loses puck. 5:43 of 1st period - Shot by Elias Pettersson. 5:43 of 1st period - Stopped by Henrik Lundqvist without a rebound. 5:44 of 1st period - Cody Eakin wins face-off versus William Karlsson in NORTH DAKOTA HAWKS zone. 5:49 of 1st period - Shot by Ryan Carpenter. 5:49 of 1st period - Shot Misses the Net. 6:01 of 1st period - Shot by Cam Atkinson. 6:01 of 1st period - Shot Misses the Net. 6:03 of 1st period - Shot by Cam Atkinson. 6:03 of 1st period - Shot Misses the Net. 6:05 of 1st period - Shot by Cam Atkinson. 6:05 of 1st period - Deflect By Anders Lee. 6:05 of 1st period - Stopped by Henrik Lundqvist with a rebound. 6:07 of 1st period - Shot by William Karlsson. 6:07 of 1st period - Shot Blocked by Ryan Lindgren. 6:09 of 1st period - Shot by Cam Atkinson. 6:09 of 1st period - Stopped by Henrik Lundqvist without a rebound. 6:10 of 1st period - Luke Kunin wins face-off versus Elias Pettersson in NORTH DAKOTA HAWKS zone. 6:20 of 1st period - Minor Penalty to Marc Staal for Holding. 6:21 of 1st period - Brandon Sutter wins face-off versus Elias Pettersson in NORTH DAKOTA HAWKS zone. 6:49 of 1st period - Shot by Pierre-Luc Dubois. 6:49 of 1st period - Stopped by Henrik Lundqvist without a rebound. 6:50 of 1st period - Ryan Carpenter wins face-off versus William Karlsson in NORTH DAKOTA HAWKS zone. 7:27 of 1st period - Shot by Anders Lee. 7:27 of 1st period - Stopped by Henrik Lundqvist with a rebound. 7:29 of 1st period - Shot by Oscar Klefbom. 7:29 of 1st period - Goal by Oscar Klefbom - RENO LIONS : 1 - NORTH DAKOTA HAWKS : 0. 7:30 of 1st period - Elias Pettersson wins face-off versus Nick Suzuki in neutral zone. 7:36 of 1st period - Evgeny Dadonov is hit by Connor Clifton and loses puck. 8:06 of 1st period - Elias Pettersson is hit by Connor Clifton and loses puck. 8:42 of 1st period - Off-side. 8:43 of 1st period - William Karlsson wins face-off versus Brandon Sutter in neutral zone. 8:52 of 1st period - Shot by Cam Atkinson. 8:52 of 1st period - Stopped by Henrik Lundqvist without a rebound. 8:53 of 1st period - Jack Hughes wins face-off versus William Karlsson in NORTH DAKOTA HAWKS zone. 8:55 of 1st period - Icing by Dougie Hamilton. 8:56 of 1st period - Leo Komarov wins face-off versus Jack Hughes in NORTH DAKOTA HAWKS zone. 9:08 of 1st period - Shot by Jack Hughes. 9:08 of 1st period - Stopped by Thomas Greiss with a rebound. 9:10 of 1st period - Shot by Jack Hughes. 9:10 of 1st period - Shot Blocked by Oscar Klefbom. 9:12 of 1st period - Shot by Frank Vatrano. 9:12 of 1st period - Shot Blocked by Jacob Trouba. 9:14 of 1st period - Shot by Jack Hughes. 9:14 of 1st period - Stopped by Thomas Greiss without a rebound. 9:15 of 1st period - William Karlsson wins face-off versus Brandon Sutter in RENO LIONS zone. 9:24 of 1st period - Shot by Cam Atkinson. 9:24 of 1st period - Shot Misses the Net. 9:26 of 1st period - Shot by William Karlsson. 9:26 of 1st period - Shot Misses the Net. 9:34 of 1st period - Shot by William Karlsson. 9:34 of 1st period - Stopped by Henrik Lundqvist without a rebound. 9:35 of 1st period - Jack Hughes wins face-off versus Elias Pettersson in NORTH DAKOTA HAWKS zone. 9:35 of 1st period - Jack Hughes is hit by Pierre-Luc Dubois. 9:43 of 1st period - Elias Pettersson is hit by Frank Vatrano and loses puck. 9:53 of 1st period - Frank Vatrano is hit by Jacob Trouba. 10:07 of 1st period - Shot by Dougie Hamilton. 10:07 of 1st period - Shot Blocked by Elias Pettersson. 10:09 of 1st period - Shot by Frank Vatrano. 10:09 of 1st period - Shot Blocked by Oscar Klefbom. 11:38 of 1st period - Shot by Cam Atkinson. 11:38 of 1st period - Deflect By William Karlsson. 11:38 of 1st period - Shot Misses the Net. 12:01 of 1st period - Shot by Cam Atkinson. 12:01 of 1st period - Deflect By William Karlsson. 12:01 of 1st period - Stopped by Henrik Lundqvist with a rebound. 12:41 of 1st period - Minor Penalty to Jordie Benn for Holding. 12:42 of 1st period - Blake Coleman wins face-off versus Nick Suzuki in RENO LIONS zone. 13:15 of 1st period - Shot by Luke Kunin. 13:15 of 1st period - Stopped by Thomas Greiss with a rebound. 13:51 of 1st period - Shot by Frank Vatrano. 13:51 of 1st period - Stopped by Thomas Greiss without a rebound. 13:52 of 1st period - Blake Coleman wins face-off versus Jack Hughes in RENO LIONS zone. 14:58 of 1st period - Shot by Cody Eakin. 14:58 of 1st period - Shot Misses the Net. 15:17 of 1st period - Icing by Oscar Klefbom. 15:18 of 1st period - Tomas Nosek wins face-off versus Nick Suzuki in RENO LIONS zone. 15:31 of 1st period - Jacob Trouba is hit by Nick Suzuki and loses puck. 15:37 of 1st period - Nick Suzuki is hit by Oscar Klefbom and loses puck. 15:42 of 1st period - Shot by Luke Kunin. 15:42 of 1st period - Stopped by Thomas Greiss without a rebound. 15:43 of 1st period - Jack Hughes wins face-off versus Leo Komarov in RENO LIONS zone. 15:49 of 1st period - Shot by Zack Kassian. 15:49 of 1st period - Shot Misses the Net. 16:02 of 1st period - Icing by Ryan Lindgren. 16:03 of 1st period - Elias Pettersson wins face-off versus Jack Hughes in NORTH DAKOTA HAWKS zone. 16:33 of 1st period - Icing by Ryan Lindgren. 16:34 of 1st period - William Karlsson wins face-off versus Jack Hughes in NORTH DAKOTA HAWKS zone. 16:37 of 1st period - Shot by Cam Atkinson. 16:37 of 1st period - Stopped by Henrik Lundqvist without a rebound. 16:38 of 1st period - William Karlsson wins face-off versus Alex Killorn in NORTH DAKOTA HAWKS zone. 16:41 of 1st period - Shot by Anders Lee. 16:41 of 1st period - Shot Misses the Net. 16:44 of 1st period - Icing by Dougie Hamilton. 16:45 of 1st period - Cam Atkinson wins face-off versus Nick Suzuki in NORTH DAKOTA HAWKS zone. 16:58 of 1st period - Shot by Cam Atkinson. 16:58 of 1st period - Stopped by Henrik Lundqvist without a rebound. 16:59 of 1st period - Leo Komarov wins face-off versus Craig Smith in NORTH DAKOTA HAWKS zone. 17:56 of 1st period - Shot by Cam Atkinson. 17:56 of 1st period - Shot Misses the Net. 17:58 of 1st period - Shot by William Karlsson. 17:58 of 1st period - Deflect By Anders Lee. 17:58 of 1st period - Shot Misses the Net. 18:16 of 1st period - Shot by William Karlsson. 18:16 of 1st period - Goal by William Karlsson - RENO LIONS : 2 - NORTH DAKOTA HAWKS : 0. 18:17 of 1st period - Elias Pettersson wins face-off versus Jack Hughes in neutral zone. 18:20 of 1st period - Jack Hughes is hit by Pierre-Luc Dubois and loses puck. 18:25 of 1st period - Shot by Elias Pettersson. 18:25 of 1st period - Shot Misses the Net. 18:30 of 1st period - Icing by Ryan Lindgren. 18:31 of 1st period - William Karlsson wins face-off versus Frank Vatrano in NORTH DAKOTA HAWKS zone. 18:44 of 1st period - Shot by William Karlsson. 18:44 of 1st period - Shot Blocked by Zack Kassian. 18:46 of 1st period - Shot by Anders Lee. 18:46 of 1st period - Shot Misses the Net. 19:45 of 1st period - Icing by Luke Kunin. 19:46 of 1st period - Elias Pettersson wins face-off versus Nick Suzuki in NORTH DAKOTA HAWKS zone. 19:51 of 1st period - Shot by Pierre-Luc Dubois. 19:51 of 1st period - Shot Misses the Net. Goals for this period are 2 for RENO LIONS vs 0 for NORTH DAKOTA HAWKS. Shots for this period are 13 for RENO LIONS vs 6 for NORTH DAKOTA HAWKS. 2nd period 0:01 of 2nd period - Elias Pettersson wins face-off versus Cody Eakin in neutral zone. 0:06 of 2nd period - Shot by Elias Pettersson. 0:06 of 2nd period - Stopped by Henrik Lundqvist without a rebound. 0:07 of 2nd period - Cody Eakin wins face-off versus Elias Pettersson in NORTH DAKOTA HAWKS zone. 0:07 of 2nd period - Cody Eakin is hit by Pierre-Luc Dubois. 0:15 of 2nd period - Shot by Dougie Hamilton. 0:15 of 2nd period - Shot Misses the Net. 0:21 of 2nd period - Shot by Dougie Hamilton. 0:21 of 2nd period - Shot Misses the Net. 0:27 of 2nd period - Shot by Pierre-Luc Dubois. 0:27 of 2nd period - Shot Misses the Net. 0:29 of 2nd period - Shot by Pierre-Luc Dubois. 0:29 of 2nd period - Stopped by Henrik Lundqvist without a rebound. 0:30 of 2nd period - Leo Komarov wins face-off versus Brandon Sutter in NORTH DAKOTA HAWKS zone. 1:40 of 2nd period - Evgeny Dadonov is hit by Johnny Boychuk. 2:02 of 2nd period - Shot by Pierre-Luc Dubois. 2:02 of 2nd period - Shot Blocked by Dillon Dube. 2:25 of 2nd period - Icing by Oliver Ekman-Larsson. 2:26 of 2nd period - William Karlsson wins face-off versus Nick Suzuki in RENO LIONS zone. 2:35 of 2nd period - Shot by William Karlsson. 2:35 of 2nd period - Shot Misses the Net. 3:27 of 2nd period - Shot by Blake Coleman. 3:27 of 2n